 Dungeon Crawl Stone Soup version 0.17-a0-2215-g49c1de0 (webtiles) character file.

954 4thArraOfDagon the Cleaver (level 8, -3/71 HPs)
             Began as a Hill Orc Berserker on Oct 27, 2015.
             Was a Follower of Trog.
             Slain by a wolf (6 damage)
             ... led by Grum
             ... on level 8 of the Dungeon.
             The game lasted 00:05:36 (1025 turns).

4thArraOfDagon the Cleaver (Hill Orc Berserker)     Turns: 1025, Time: 00:05:36

Health: -3/71      AC:  6    Str: 26    XL:     8   Next: 14%
Magic:  5/8        EV: 11    Int:  8    God:    Trog [*.....]
Gold:   68         SH:  0    Dex: 10    Spells: 0 memorised, 7 levels left

rFire  . . .     SeeInvis .     a - +0 hand axe
rCold  . . .     Clarity  .     p - +0 ring mail
rNeg   . . .     SustAt   .     (no shield)
rPois  .         Gourm    .     (no helmet)
rElec  .         Spirit   .     (no cloak)
rCorr  .         Warding  .     (no gloves)
rMut   .         Rnd*Tele +     (no boots)
MR     .....                    (no amulet)
Stlth  ..........               e - ring of teleportation (curse)
                                c - +5 ring of strength

@: about to teleport, not resistant to hostile enchantments, extremely
unstealthy
A: no striking features
a: Berserk, Burn Spellbooks, Renounce Religion, Evoke Teleportation


You were on level 8 of the Dungeon.
You worshipped Trog.
Trog was aware of your devotion.
You were very hungry.

You visited 1 branch of the dungeon, and saw 9 of its levels.

You collected 68 gold pieces.

Inventory:

Hand Weapons
 a - a +0 hand axe (weapon)
Armour
 p - a +0 ring mail (worn)
 q - a +1 leather armour of cold resistance
Magical Staves
 o - an uncursed staff of energy {!a}
Jewellery
 c - a +5 ring of strength (left hand)
 e - a cursed ring of teleportation (right hand)
 h - an uncursed ring of flight
 n - a +2 ring of dexterity
Wands
 m - a wand of flame (15)
 t - a wand of paralysis (14)
Scrolls
 d - a scroll of remove curse {unknown}
 f - a scroll of recharging {unknown}
 g - 5 scrolls of identify {unknown}
 i - a scroll of magic mapping {unknown}
 j - a scroll of fear {unknown}
 s - a scroll of noise {unknown}
Potions
 b - a potion of might {unknown}
 k - a potion of haste {unknown}
 l - 2 potions of heal wounds {unknown}
 r - a potion of curing


   Skills:
 + Level 6.4 Fighting
 * Level 9.2 Axes
 + Level 5.5 Armour
 - Level 1.5 Dodging


You had 7 spell levels left.
You didn't know any spells.

Dungeon Overview and Level Annotations

Branches:
Dungeon (9/15)
 Temple: D:4-7         Lair: D:8-11         Orc: D:9-12

Altars:
Ashenzari
Nemelex Xobeh
Okawaru
Trog
Xom
The Shining One

Annotations:
D:8 Grum
D:9 beardedkeet's ghost, novice MiBe


Message History

You see here a scroll labeled HYWIOWN AQUIZO.
j - a scroll labeled HYWIOWN AQUIZO Grum growls angrily.
The wolf barely misses you. Something hits you but does no damage.
Unknown command.
You feel strangely unstable.
You are feeling very hungry.
The wolf bites you.
* * * LOW HITPOINT WARNING * * *
Something hits you.
* * * LOW HITPOINT WARNING * * *
Something shocks you.
* * * LOW HITPOINT WARNING * * *
Unknown command.
Drink which item? (? for menu, Esc to quit)
It was a potion of curing.
You feel better. The wolf closely misses you. The wolf barely misses you.
The wolf bites you!
* * * LOW HITPOINT WARNING * * *
The wolf bites you.
You die...

###..##.. #........
##....... ........
....g## #.....##
#hh....### #@h.......
### ##{....## ...
#....#####.# #.# #
##....[.....# #.#
.#.#.......###.###.##
#............##.##...)
#.....................
##...........##.#...##
##.................##


You could see Grum and 3 wolves.

Vanquished Creatures
  A centaur skeleton (D:7)
  Grinder (D:6)
  Eustachio (D:6)
  A phantom (D:6)
  A giant frog (D:8)
  A hound (D:9)
  A wasp zombie (D:6)
  A worker ant (D:6)
  4 gnolls (D:6)
  4 adders
  An ooze (D:1)
  A giant gecko (D:1)
  2 giant cockroaches
  2 hobgoblins
  4 bats
  A giant newt (D:5)
  A goblin (D:1)
  A kobold (D:1)
  A quokka skeleton (D:6)
  3 rats (D:2)
33 creatures vanquished.

Notes
Turn   | Place    | Note
--------------------------------------------------------------
     0 | D:1      | 4thArraOfDagon the Hill Orc Berserker began the quest for the Orb.
     0 | D:1      | Reached XP level 1. HP: 19/19 MP: 1/1
    47 | D:1      | Reached XP level 2. HP: 21/27 MP: 2/2
   102 | D:2      | Found a sparkling altar of Nemelex Xobeh.
   109 | D:2      | Reached XP level 3. HP: 25/33 MP: 3/3
   149 | D:2      | Found an iron altar of Okawaru.
   163 | D:2      | Found a shattered altar of Ashenzari.
   171 | D:2      | Found a bloodstained altar of Trog.
   189 | D:2      | Found a shimmering altar of Xom.
   226 | D:2      | You fall through a shaft for 2 floors!
   240 | D:5      | Entered Level 5 of the Dungeon
   360 | D:6      | Reached skill level 5 in Axes
   360 | D:6      | Reached XP level 4. HP: 33/40 MP: 4/4
   506 | D:6      | Noticed Eustachio
   522 | D:6      | Killed Eustachio
   522 | D:6      | Reached skill level 6 in Axes
   522 | D:6      | Reached XP level 5. HP: 44/47 MP: 5/5
   522 | D:6      | Reached XP level 6. HP: 51/55 MP: 6/6
   544 | D:6      | Noticed a phantom
   584 | D:6      | Noticed Grinder
   588 | D:6      | Noticed a phantom
   593 | D:6      | Killed Grinder
   593 | D:6      | Reached skill level 5 in Fighting
   593 | D:6      | Reached skill level 7 in Axes
   593 | D:6      | Reached XP level 7. HP: 32/61 MP: 7/7
   606 | D:6      | Reached ** piety under Trog
   658 | D:6      | Killed a phantom
   658 | D:6      | Reached skill level 8 in Axes
   870 | D:7      | Noticed a centaur skeleton
   887 | D:7      | Killed a centaur skeleton
   887 | D:7      | Reached skill level 5 in Armour
   954 | D:8      | Found a glowing golden altar of the Shining One.
   961 | D:9      | Noticed beardedkeet's ghost (novice MiBe)
   968 | D:9      | Reached XP level 8. HP: 70/70 MP: 8/8
   970 | D:9      | Reached skill level 9 in Axes
  1023 | D:8      | Noticed Grum
  1024 | D:8      | HP: 1/71 [something (5)]
  1025 | D:8      | Slain by a wolf

Vault maps used:
D:1:      lemuel_arrival_room, st_stairs_10, minmay_misc_feat_encased
D:2:      nemelex_xobeh_ov_fountains_minmay, nicolae_overflow_quartered_altars
D:3:      makhleb_blood_cavern_becter, nicolae_ashenzari_panopticon
D:4:      grunt_temple_overflow_magic_moments, minmay_temple_entry_large_hall,
          serial_glass, glass_columns_b, glass_columns_c, first_bread,
          minmay_misc_feat_diagonals
D:5:      zin_purify, nicolae_overflow_crystal_walls, gup_sewer_entry_glass
D:6:      uniq_eustachio, uniq_grinder, uniq_prince_ribbit1
D:7:      nicolae_gozag_seed_capital, elyvilon_altar_4, kennysheep_small_circle
D:8:      lemuel_doored_altar, hangedman_little_slice_of_home, uniq_grum
D:9:      erik_lair_dragon, orc_0_dummy

Action                   |  1- 3 |  4- 6 |  7- 9 || total
-------------------------+-------+-------+-------++-------
Melee: Hand axe          |    63 |    29 |    62 ||   154
Invok: Berserk           |     3 |     3 |     1 ||     7
       Trog's Hand       |       |       |     1 ||     1
 Abil: Evoke Teleportati |       |       |     1 ||     1
  Use: Potion            |       |       |     4 ||     4
  Eat: Bread ration      |       |     1 |       ||     1
       Royal jelly       |       |       |     1 ||     1
       Chunk             |       |       |     1 ||     1
